Map: Rooftop Terrace

Players

DarKnight

  • Race: Protoss Protoss
  • Spawn Location: 6:00

StoneHead

  • Race: Protoss Protoss
  • Spawn Location: 5:00

kor

  • Race: Protoss Protoss
  • Spawn Location: 6:00

Shane

  • Race: Protoss Protoss
  • Spawn Location: 7:00

xti

  • Race: Zerg Zerg
  • Spawn Location: 11:00

MasterRod

  • Race: Protoss Protoss
  • Spawn Location: 12:00

prosecutor

  • Race: Terran Terran
  • League: Gold
  • Spawn Location: 1:00

Infamous

  • Race: Protoss Protoss
  • League: Gold
  • Spawn Location: 12:00

VOD

Have the link to the VOD?

Description

Time

  • Played on: April 11, 2018, 10:28 a.m.
  • Length: 26:13
Show
View Real Time Build Order
Export as new Build Order

DarKnight Protoss 

Build Orders:  

Get SALT Encoding   

  12  0:02  Probe  
  13  0:14  Probe  
  13  0:20  Pylon  
  14  0:26  Probe  
  15  0:41  Gateway  
  15  0:45  Probe  
  16  0:57  Probe  
  17  1:09  Probe  
  18  1:13  Assimilator  
  18  1:34  Cybernetics Core  
  18  1:36  Cybernetics Core  
  18  2:00  Pylon  
  18  2:02  Pylon  
  18  2:06  Pylon  
  18  2:19  Nexus  
  18  2:21  Probe  
  19  2:27  Assimilator  
  19  2:34  Probe (Chrono Boost)  
  21  2:44  Probe (Chrono Boost)  
  21  2:45  Forge  
  21  2:49  Probe (Chrono Boost)  
  22  3:00  Probe  
  23  3:07  Stargate  
  23  3:16  Assimilator  
  23  3:17  Assimilator  
  23  3:19  Probe  
  24  3:26  Stargate  
  24  3:33  Probe (Chrono Boost)  
  26  3:35  Probe (Chrono Boost)  
  26  3:43  Probe (Chrono Boost)  
  26  3:46  Stargate  
  26  3:48  Probe (Chrono Boost)  
  28  3:59  Probe  
  29  4:04  Stargate  
  29  4:11  Probe  
  30  4:22  Void Ray  
  34  4:32  Probe  
  35  4:38  Probe  
  35  4:44  Probe, Void Ray  
  41  4:47  Void Ray  
  41  4:50  Probe  
  46  4:54  Pylon  
  46  4:55  Pylon  
  46  4:56  Probe  
  46  4:57  Pylon  
  46  4:59  Void Ray  
  51  5:02  Probe  
  52  5:09  Probe  
  52  5:12  Void Ray  
  57  5:15  Probe  
  57  5:20  Protoss Air Weapons Level 1  
  57  5:21  Probe  
  59  5:27  Probe  
  60  5:32  Protoss Air Armor Level 1  
  60  5:45  Protoss Shields Level 1  
  60  6:31  Void Ray x2  
  68  7:01  Pylon x2  
  68  7:03  Pylon  
  68  7:04  Pylon  
  68  7:06  Pylon  
  68  7:12  Probe (Chrono Boost)  
  68  7:15  Void Ray  
  69  7:18  Void Ray  
  69  7:21  Void Ray  
  69  7:22  Probe (Chrono Boost)  
  74  7:27  Probe (Chrono Boost)  
  75  7:38  Probe, Fleet Beacon  
  75  7:39  Twilight Council  
  76  7:47  Robotics Facility  
  76  7:50  Probe  
  77  7:54  Void Ray  
  81  8:30  Void Ray  
  81  8:31  Nexus  
  85  8:43  Observer  
  86  9:05  Observer  
  87  9:11  Assimilator  
  87  9:13  Assimilator  
  87  9:14  Protoss Air Weapons Level 2  
  87  9:15  Protoss Air Armor Level 2  
  86  9:44  Probe (Chrono Boost)  
  87  9:55  Probe (Chrono Boost)  
  87  9:59  Probe (Chrono Boost)  
  89  10:11  Probe  
  90  10:22  Protoss Shields Level 2  
  90  10:23  Probe  
  90  10:24  Void Ray x3  
  103  10:51  Void Ray  
  107  11:05  Stargate  
  107  11:08  Stargate  
  107  11:11  Pylon  
  107  11:12  Pylon  
  107  11:13  Pylon, Void Ray  
  107  11:14  Pylon x2  
  107  11:16  Pylon  
  111  11:40  Mothership  
  119  12:02  Void Ray x3  
  67  13:18  Carrier  
  67  13:19  Carrier x3  
  91  13:42  Carrier  
  97  14:09  Tempest  
  103  14:32  Protoss Air Weapons Level 3  
  103  14:33  Protoss Shields Level 3  
  103  14:41  Protoss Air Armor Level 3  
  95  15:42  Carrier  
  95  15:43  Carrier x3  
  77  17:11  Carrier (Chrono Boost)  
  77  17:12  Carrier x2 (Chrono Boost)  
  101  17:22  Carrier x2 (Chrono Boost)  
  105  17:32  Tempest (Chrono Boost)  
  105  18:37  Nexus  
  105  18:40  Tempest  
  111  18:41  Tempest x3  
  111  18:42  Assimilator  
  111  18:44  Assimilator  
  129  19:00  Tempest  
  135  20:19  Tempest x4  
  135  20:51  Tempest  
  135  20:52  Tempest  
  87  21:34  Tempest x3  
  99  21:54  Assimilator  
  99  21:58  Tempest x2, Assimilator  
  111  22:19  Tempest  
  117  22:34  Tempest  
  117  22:36  Tempest  
  129  22:50  Nexus  
  129  23:04  Tempest x2  
  80  25:50  Nexus  
Show
View Real Time Build Order
Export as new Build Order

StoneHead Protoss 

Build Orders:  

Get SALT Encoding   

  12  0:02  Probe (Chrono Boost)  
  13  0:12  Probe (Chrono Boost)  
  14  0:22  Pylon  
  14  0:25  Probe  
  15  0:31  Assimilator  
  15  0:40  Probe  
  16  0:52  Probe  
  17  1:17  Probe (Chrono Boost)  
  18  1:26  Gateway  
  18  1:27  Probe (Chrono Boost)  
  18  1:30  Forge  
  18  1:32  Probe (Chrono Boost), Assimilator  
  20  1:44  Probe, Pylon  
  21  1:56  Probe  
  22  2:05  Photon Cannon  
  22  2:08  Probe, Photon Cannon  
  23  2:12  Photon Cannon  
  23  2:14  Photon Cannon  
  23  2:18  Photon Cannon  
  23  2:37  Pylon  
  24  2:45  Probe (Chrono Boost)  
  24  2:50  Cybernetics Core  
  24  2:53  Probe (Chrono Boost)  
  24  2:58  Probe (Chrono Boost)  
  26  3:06  Photon Cannon  
  26  3:08  Photon Cannon  
  26  3:09  Probe  
  26  3:11  Photon Cannon  
  27  3:15  Photon Cannon  
  27  3:21  Probe  
  28  3:30  Nexus  
  28  3:33  Probe (Chrono Boost)  
  29  3:43  Probe (Chrono Boost)  
  29  3:44  Stargate  
  29  3:46  Stargate  
  30  3:50  Protoss Air Weapons Level 1  
  30  3:59  Cybernetics Core  
  30  4:01  Protoss Shields Level 1  
  30  4:07  Probe  
  31  4:20  Probe  
  32  4:28  Assimilator  
  32  4:31  Assimilator  
  32  4:32  Probe  
  32  4:36  Void Ray  
  37  4:41  Void Ray  
  41  4:52  Protoss Air Armor Level 1  
  41  5:10  Twilight Council  
  41  5:14  Probe  
  41  5:19  Probe  
  43  5:26  Probe  
  44  5:31  Probe  
  45  5:43  Probe  
  45  5:46  Void Ray  
  45  5:49  Void Ray  
  54  5:56  Pylon  
  54  6:00  Pylon  
  54  6:04  Pylon  
  54  6:14  Probe  
  55  6:26  Probe  
  56  6:54  Void Ray x2  
  64  7:06  Probe  
  65  7:18  Probe (Chrono Boost)  
  66  7:29  Probe (Chrono Boost)  
  67  7:34  Probe (Chrono Boost)  
  67  7:36  Void Ray  
  67  7:37  Oracle  
  71  7:42  Templar Archives  
  75  7:44  Probe  
  76  7:56  Probe  
  77  7:59  Nexus  
  77  8:03  Assimilator  
  77  8:07  Assimilator  
  77  8:10  Probe (Chrono Boost)  
  78  8:21  Pylon  
  78  8:22  Pylon  
  78  8:30  Pylon  
  78  8:39  Probe  
  78  8:40  Void Ray x2  
  86  8:57  Fleet Beacon  
  86  9:18  Probe  
  87  9:30  Probe  
  37  9:39  Void Ray x2  
  37  9:42  Probe  
  29  9:54  Probe  
  30  10:01  Protoss Air Weapons Level 2  
  30  10:03  Protoss Shields Level 2  
  30  10:04  Protoss Air Armor Level 2  
  30  10:17  Pylon  
  30  10:21  Probe, Void Ray  
  36  10:28  Probe  
  36  10:33  Probe  
  37  10:37  Void Ray  
  37  10:40  Probe  
  42  10:45  Probe  
  43  10:55  Probe (Chrono Boost)  
  44  10:57  Probe (Chrono Boost)  
  45  11:04  Void Ray  
  45  11:08  Probe (Chrono Boost)  
  45  11:09  Probe (Chrono Boost)  
  51  11:13  Probe (Chrono Boost)  
  51  11:16  Probe  
  53  11:19  Void Ray  
  53  11:23  Probe  
  58  11:29  Probe  
  59  11:35  Probe  
  60  11:41  Probe  
  61  11:47  Void Ray  
  61  11:53  Probe  
  66  12:02  Void Ray  
  70  13:37  Void Ray x2  
  70  13:40  Protoss Air Weapons Level 3  
  78  13:42  Protoss Shields Level 3  
  74  14:19  Void Ray  
  74  14:20  Void Ray  
  54  14:56  Zealot  
  56  15:02  Void Ray x2  
  64  15:17  Probe  
  65  15:23  Zealot  
  67  15:29  Probe  
  68  15:41  Probe  
  69  15:45  Void Ray x2  
  77  15:50  Zealot  
  77  15:53  Probe  
  77  15:57  Nexus  
  80  16:17  Zealot  
  82  16:27  Mothership  
  82  16:28  Void Ray  
  94  16:36  Pylon  
  94  16:39  Pylon  
  94  16:41  Pylon  
  94  16:44  Pylon  
  94  16:46  Pylon  
  94  16:54  Void Ray, Zealot  
  94  17:00  Pylon  
  100  17:11  Void Ray  
  100  17:13  Stargate  
  100  17:14  Stargate  
  104  17:31  Protoss Air Armor Level 3  
  104  17:37  Probe, Void Ray  
  109  17:50  Probe  
  110  17:53  Void Ray  
  114  17:59  Void Ray x2  
  114  18:02  Probe  
  123  18:14  Probe  
  124  18:20  Void Ray  
  128  18:36  Void Ray  
  132  18:42  Void Ray  
  136  20:12  Void Ray x3  
  136  20:13  Void Ray  
  152  20:55  Void Ray  
  156  20:57  Void Ray x2  
  156  20:58  Void Ray  
  124  21:30  Probe  
  125  21:38  Void Ray  
  129  21:40  Void Ray x2  
  129  21:41  Void Ray  
  129  21:42  Probe  
  142  21:54  Probe  
  143  22:21  Void Ray  
  147  22:23  Void Ray x2  
  147  22:27  Probe  
  156  22:39  Probe  
  157  23:00  Pylon  
  157  23:04  Pylon  
  157  23:07  Pylon  
  157  23:18  Probe  
  158  25:16  Void Ray  
  158  25:17  Void Ray x3  
Show
View Real Time Build Order
Export as new Build Order

kor Protoss 

Build Orders:  

Get SALT Encoding   

  12  0:26  Probe (Chrono Boost)  
  14  0:35  Probe (Chrono Boost)  
  14  0:40  Probe (Chrono Boost)  
  15  2:16  Pylon  
  15  2:30  Probe  
  16  2:38  Probe  
  17  2:50  Probe, Assimilator  
  17  2:55  Assimilator  
  17  2:58  Probe  
Show
View Real Time Build Order
Export as new Build Order

Shane Protoss 

Build Orders:  

Get SALT Encoding   

  12  0:02  Probe (Chrono Boost)  
  13  0:13  Probe (Chrono Boost)  
  14  0:21  Probe  
  14  0:27  Pylon  
  15  0:36  Assimilator  
  15  0:45  Probe  
  16  0:55  Gateway  
  16  0:58  Probe  
  17  1:10  Probe  
  18  1:12  Assimilator  
  18  1:19  Pylon  
  18  1:22  Probe  
  19  1:34  Probe  
  20  1:41  Forge  
  20  1:46  Probe  
  21  1:55  Zealot  
  21  1:58  Probe  
  24  2:10  Probe  
  25  2:22  Probe, Photon Cannon  
  26  2:28  Photon Cannon  
  26  2:34  Probe (Chrono Boost)  
  27  2:39  Nexus  
  27  2:40  Pylon  
  27  2:46  Probe (Chrono Boost)  
  28  2:55  Probe (Chrono Boost)  
  29  3:03  Photon Cannon  
  30  3:05  Probe (Chrono Boost)  
  30  3:08  Pylon  
  30  3:13  Probe (Chrono Boost)  
  30  3:18  Assimilator  
  31  3:23  Assimilator  
  31  3:25  Probe (Chrono Boost)  
  32  3:30  Cybernetics Core  
  32  3:33  Probe (Chrono Boost)  
  33  3:39  Probe  
  34  3:52  Probe (Chrono Boost)  
  36  4:03  Probe (Chrono Boost), Nexus  
  36  4:09  Probe (Chrono Boost)  
  37  4:10  Pylon  
  37  4:12  Probe (Chrono Boost)  
  38  4:22  Probe (Chrono Boost)  
  38  4:23  Probe (Chrono Boost)  
  40  4:31  Probe (Chrono Boost), Stargate  
  41  4:35  Stargate  
  41  4:36  Probe (Chrono Boost)  
  42  4:41  Pylon  
  42  4:45  Probe  
  43  4:48  Photon Cannon  
  43  4:52  Assimilator  
  43  4:54  Assimilator  
  43  4:56  Probe (Chrono Boost)  
  45  5:02  Probe (Chrono Boost)  
  45  5:06  Probe (Chrono Boost)  
  46  5:11  Probe (Chrono Boost)  
  48  5:16  Probe (Chrono Boost)  
  48  5:18  Probe (Chrono Boost)  
  50  5:21  Probe (Chrono Boost)  
  50  5:28  Probe (Chrono Boost)  
  52  5:29  Probe (Chrono Boost)  
  52  5:31  Probe (Chrono Boost)  
  54  5:35  Probe (Chrono Boost)  
  54  5:36  Probe x2 (Chrono Boost)  
  54  5:40  Void Ray  
  60  5:46  Probe  
  60  5:47  Probe  
  60  5:48  Probe  
  63  5:58  Probe  
  63  5:59  Probe  
  63  6:00  Probe  
  66  6:11  Probe  
  66  6:12  Probe  
  67  6:19  Void Ray  
  67  6:22  Void Ray  
  75  6:47  Stargate  
  75  6:49  Stargate  
  75  6:55  Stargate  
  75  7:01  Photon Cannon  
  75  7:05  Pylon  
  75  7:11  Probe (Chrono Boost)  
  76  7:17  Pylon  
  76  7:21  Probe (Chrono Boost)  
  77  7:26  Probe (Chrono Boost)  
  78  7:30  Pylon  
  78  7:32  Pylon  
  78  7:33  Void Ray x2  
  78  7:34  Void Ray x2  
  94  7:37  Probe  
  94  7:40  Void Ray  
  94  7:41  Pylon  
  99  7:46  Fleet Beacon  
  99  7:49  Probe  
  100  7:56  Photon Cannon  
  100  8:03  Photon Cannon  
  100  8:11  Probe (Chrono Boost)  
  101  8:16  Void Ray x3  
  113  8:21  Pylon, Probe (Chrono Boost)  
  113  8:24  Pylon  
  113  8:26  Probe (Chrono Boost)  
  113  8:27  Pylon  
  114  8:29  Pylon  
  115  8:38  Probe  
  115  8:40  Carrier  
  122  8:41  Carrier  
  122  8:46  Pylon  
  128  8:49  Pylon  
  128  8:50  Probe  
  128  8:52  Pylon, Anion Pulse-Crystals  
  129  8:57  Pylon, Protoss Air Armor Level 1  
  129  8:59  Protoss Shields Level 1  
  129  9:07  Cybernetics Core  
  129  9:11  Carrier  
  129  9:12  Carrier  
  141  9:18  Carrier  
  141  9:22  Pylon  
  147  9:54  Protoss Air Weapons Level 1 (Chrono Boost)  
  147  9:55  Stargate  
  147  9:56  Graviton Catapult  
  147  10:02  Twilight Council  
  147  10:09  Nexus  
  147  10:10  Carrier  
  147  10:12  Carrier  
  159  10:23  Mothership (Chrono Boost)  
  159  10:24  Assimilator  
  167  10:35  Stargate  
  167  10:37  Stargate  
  167  10:44  Carrier  
  167  10:46  Carrier  
  167  10:47  Carrier  
  167  10:48  Carrier  
  191  10:51  Protoss Shields Level 2 (Chrono Boost)  
  191  10:52  Protoss Air Armor Level 2 (Chrono Boost)  
  191  11:20  Carrier  
  198  11:37  Probe (Chrono Boost)  
  198  11:44  Probe  
  199  11:56  Probe  
  199  11:58  Assimilator  
  199  12:00  Protoss Air Weapons Level 2  
  172  13:25  Carrier (Chrono Boost)  
  172  13:26  Carrier (Chrono Boost)  
  196  13:32  Carrier x2 (Chrono Boost)  
  188  13:34  Pylon  
  188  13:35  Pylon  
  114  14:20  Carrier (Chrono Boost)  
  114  14:21  Carrier x3 (Chrono Boost)  
  102  14:44  Carrier (Chrono Boost)  
  102  14:45  Carrier x2 (Chrono Boost)  
  102  14:50  Carrier  
  120  15:20  Nexus  
  120  15:32  Protoss Air Weapons Level 3  
  120  15:39  Carrier x3  
  138  16:03  Carrier  
  138  16:49  Nexus  
  72  17:38  Carrier x2  
  72  17:39  Carrier  
  90  17:57  Carrier  
  96  18:36  Carrier x2  
  96  19:14  Carrier  
  102  19:44  Nexus  
  102  20:06  Carrier  
  108  20:23  Assimilator  
  60  21:13  Carrier x2  
  72  21:24  Probe  
  61  21:36  Probe  
  56  21:49  Probe, Carrier  
  63  22:01  Probe  
  64  22:12  Carrier  
  64  22:13  Probe  
  71  22:23  Carrier  
  77  22:55  Carrier  
  83  23:22  Carrier  
  88  23:33  Carrier  
  94  24:03  Nexus  
  88  24:17  Assimilator  
  88  24:20  Carrier  
  88  24:21  Assimilator  
  70  25:19  Nexus  
  64  25:40  Assimilator  
  70  25:45  Assimilator  
Show
View Real Time Build Order
Export as new Build Order

xti Zerg 

Build Orders: Hatch First 

Get SALT Encoding   

  12  0:03  Drone  
  13  0:09  Drone  
  14  0:46  Hatchery  
  14  0:48  Spawning Pool  
  14  0:49  Drone x2  
  14  0:51  Overlord  
  14  0:57  Extractor  
  13  1:31  Extractor  
  13  1:32  Drone x3  
  15  1:37  Queen  
  17  1:48  Hatchery  
  17  1:50  Overlord  
  16  1:59  Queen  
  16  2:00  Drone  
  19  2:07  Overlord  
  19  2:08  Zergling x2  
  19  2:12  Metabolic Boost  
  20  2:24  Drone  
  21  2:32  Lair  
  21  2:35  Drone x3  
  24  2:49  Drone x3  
  27  2:52  Drone x2  
  29  3:00  Queen  
  29  3:04  Overlord  
  31  3:11  Drone x3  
  34  3:18  Drone x2  
  36  3:28  Zergling x6  
  36  3:29  Zergling x6  
  42  3:37  Hydralisk Den  
  41  3:45  Drone x3  
  44  3:54  Nydus Network  
  43  4:01  Pneumatized Carapace  
  43  4:04  Overlord x2  
  43  4:06  Hydralisk  
  45  4:11  Hydralisk x2  
  49  4:18  Hydralisk x2  
  53  4:24  Hydralisk  
  55  4:33  Drone x5  
  55  4:34  Drone  
  61  4:39  Extractor  
  61  4:40  Extractor  
  59  4:47  Hydralisk x2  
  59  4:48  Hydralisk  
  59  4:50  Hydralisk  
  67  4:55  Hydralisk  
  69  5:08  Drone x2  
  69  5:09  Drone  
  69  5:13  Drone  
  69  5:14  Drone  
  74  5:17  Overlord  
  74  5:18  Overlord  
  74  5:23  Overlord  
  74  5:40  Nydus Canal  
  65  6:12  Hydralisk  
  65  6:13  Hydralisk x5  
  77  6:32  Hydralisk x2  
  81  6:38  Hydralisk x4  
  89  6:42  Overlord x2  
  89  6:43  Overlord x2  
  89  7:17  Hydralisk  
  89  7:18  Hydralisk x5  
  101  7:27  Overlord  
  101  7:30  Overlord x2  
  101  7:40  Muscular Augments  
  101  7:51  Nydus Canal  
  101  8:27  Hydralisk x6  
  101  8:28  Hydralisk x6, Hatchery  
  101  8:29  Hydralisk x5  
  101  8:30  Hydralisk  
  136  8:52  Drone, Grooved Spines  
  137  8:56  Extractor x2  
  135  9:05  Evolution Chamber  
  135  9:06  Evolution Chamber  
  133  9:12  Evolution Chamber  
  132  9:17  Infestation Pit  
  132  9:23  Drone x2, Spire  
  132  9:24  Drone  
  133  9:43  Nydus Canal  
  133  10:09  Drone x3  
  133  10:11  Queen  
  138  10:18  Zerg Ground Armor Level 1  
  138  10:19  Zerg Melee Weapons Level 1, Zerg Missile Weapons Level 1  
  138  10:23  Hive  
  138  10:24  Hydralisk x2  
  138  10:26  Overlord x3  
  138  10:27  Overlord x5  
  138  10:28  Overlord x5  
  142  10:40  Drone  
  143  10:53  Drone x3  
  146  11:05  Corruptor x6  
  146  11:06  Corruptor x3  
  146  11:07  Corruptor  
  166  11:17  Spore Crawler  
  165  11:18  Spore Crawler  
  165  11:24  Spore Crawler  
  165  11:25  Drone x2  
  165  11:29  Drone x2  
  165  11:30  Drone x2  
  169  11:34  Corruptor  
  171  11:54  Overseer  
  171  12:33  Nydus Canal  
  43  13:39  Corruptor x5  
  43  13:40  Corruptor x5  
  43  13:41  Corruptor x5  
  63  13:42  Corruptor x5  
  63  13:43  Corruptor x3  
  80  14:30  Hatchery  
  37  15:39  Corruptor x4  
  37  15:40  Corruptor x2  
  49  15:47  Zerg Ground Armor Level 2  
  49  15:48  Zerg Missile Weapons Level 2  
  49  15:49  Zerg Melee Weapons Level 2  
  49  15:52  Greater Spire  
  49  15:55  Drone x2  
  51  16:03  Queen  
  53  16:04  Queen  
  53  16:09  Hatchery  
  53  16:11  Corruptor x3  
  60  16:23  Queen  
  60  16:25  Drone x2  
  64  16:28  Drone  
  65  16:36  Extractor x2  
  63  17:27  Brood Lord  
  63  17:28  Brood Lord x3  
  71  17:55  Corruptor x2  
  75  18:11  Drone x3  
  78  18:46  Hatchery  
  78  18:48  Extractor  
  76  18:49  Extractor  
  49  19:25  Corruptor  
  49  19:26  Corruptor x6  
  49  19:27  Corruptor  
  61  19:38  Corruptor  
  58  20:44  Corruptor x3  
  58  20:45  Corruptor  
  64  21:04  Corruptor  
  39  21:44  Drone  
  39  21:45  Drone x2  
  42  21:59  Hatchery  
  41  22:05  Extractor x2  
  39  22:18  Adrenal Glands  
  39  22:31  Hatchery  
  38  22:37  Overseer  
  38  23:24  Drone x2  
Show
View Real Time Build Order
Export as new Build Order

MasterRod Protoss 

Build Orders:  

Get SALT Encoding   

  12  0:03  Probe  
  13  0:15  Probe  
  14  0:23  Pylon  
  14  0:27  Probe (Chrono Boost)  
  16  0:43  Probe (Chrono Boost)  
  16  0:49  Probe (Chrono Boost)  
  17  0:57  Probe  
  17  0:58  Pylon  
  17  1:03  Forge  
  18  1:12  Gateway  
  18  1:17  Pylon  
  18  1:24  Assimilator  
  18  1:27  Probe  
  18  1:29  Assimilator  
  19  1:39  Probe  
  20  1:51  Pylon  
  20  1:57  Photon Cannon  
  20  2:02  Photon Cannon  
  20  2:13  Photon Cannon  
  20  2:43  Nexus  
  20  2:47  Pylon  
  20  2:49  Assimilator  
  20  2:53  Assimilator  
  20  3:01  Probe  
  21  3:08  Protoss Shields Level 1 (Chrono Boost)  
  21  3:13  Probe  
  22  3:20  Pylon  
  22  3:25  Probe (Chrono Boost)  
  22  3:27  Cybernetics Core  
  23  3:37  Probe (Chrono Boost)  
  24  3:43  Probe (Chrono Boost)  
  25  3:51  Probe  
  26  3:57  Nexus  
  26  4:00  Pylon  
  26  4:05  Assimilator  
  26  4:09  Assimilator  
  26  4:13  Probe (Chrono Boost)  
  27  4:24  Probe (Chrono Boost)  
  28  4:29  Probe (Chrono Boost)  
  30  4:33  Probe (Chrono Boost)  
  30  4:37  Probe (Chrono Boost)  
  31  4:41  Probe (Chrono Boost)  
  31  4:42  Probe (Chrono Boost)  
  33  4:48  Photon Cannon  
  33  4:52  Probe  
  34  4:59  Photon Cannon  
  34  5:02  Photon Cannon  
  34  5:04  Probe, Pylon  
  35  5:07  Photon Cannon  
  35  5:09  Pylon  
  35  5:15  Stargate  
  35  5:16  Probe  
  36  5:22  Stargate  
  36  5:25  Stargate  
  36  5:28  Probe  
  37  5:30  Stargate  
  37  5:35  Stargate  
  37  5:39  Stargate  
  37  5:44  Stargate  
  37  5:48  Pylon  
  37  5:52  Pylon  
  37  5:55  Pylon  
  37  6:01  Void Ray  
  41  6:09  Probe (Chrono Boost)  
  42  6:16  Protoss Air Weapons Level 1 (Chrono Boost)  
  44  6:19  Probe (Chrono Boost)  
  44  6:20  Probe (Chrono Boost)  
  44  6:24  Probe (Chrono Boost)  
  44  6:27  Probe, Void Ray  
  50  6:35  Probe  
  50  6:39  Probe  
  52  6:41  Photon Cannon  
  52  6:45  Probe (Chrono Boost)  
  53  6:47  Probe (Chrono Boost)  
  55  6:56  Probe (Chrono Boost)  
  55  6:59  Probe (Chrono Boost), Void Ray  
  61  7:01  Probe (Chrono Boost)  
  61  7:04  Probe (Chrono Boost), Void Ray  
  61  7:05  Probe (Chrono Boost)  
  61  7:08  Probe  
  68  7:13  Probe (Chrono Boost)  
  70  7:15  Void Ray  
  70  7:18  Probe (Chrono Boost)  
  75  7:25  Probe x2 (Chrono Boost)  
  75  7:28  Void Ray  
  81  7:32  Probe x2 (Chrono Boost)  
  81  7:33  Void Ray  
  86  7:39  Probe  
  86  7:40  Probe, Void Ray  
  92  7:46  Void Ray  
  96  7:52  Probe, Void Ray  
  101  8:00  Fleet Beacon  
  101  8:03  Cybernetics Core  
  101  8:04  Probe  
  102  8:06  Twilight Council  
  102  8:11  Pylon  
  102  8:13  Robotics Facility  
  102  8:17  Photon Cannon  
  102  8:20  Pylon  
  102  8:26  Void Ray  
  102  8:27  Pylon  
  106  8:30  Protoss Air Armor Level 1  
  106  8:44  Stargate  
  106  8:57  Nexus  
  106  8:58  Pylon  
  106  9:01  Pylon  
  106  9:03  Pylon  
  106  9:05  Assimilator  
  106  9:11  Assimilator  
  94  9:44  Protoss Air Weapons Level 2  
  94  9:46  Protoss Shields Level 2  
  94  9:59  Tempest x2  
  72  10:00  Tempest x5  
  108  10:08  Photon Cannon  
  108  10:10  Photon Cannon  
  108  10:12  Photon Cannon  
  108  10:13  Photon Cannon  
  108  10:16  Photon Cannon  
  108  10:18  Photon Cannon  
  108  10:21  Photon Cannon, Protoss Air Armor Level 2  
  108  10:24  Pylon  
  108  10:26  Probe  
  109  10:38  Probe  
  109  10:42  Observer  
  111  10:47  Tempest x2  
  123  10:50  Probe  
  123  10:52  Tempest  
  130  11:00  Tempest  
  130  11:02  Probe  
  137  11:14  Probe  
  138  11:21  Nexus  
  138  11:23  Pylon  
  138  11:25  Pylon  
  138  11:27  Pylon  
  138  11:28  Probe (Chrono Boost)  
  138  11:30  Pylon, Mothership (Chrono Boost)  
  139  11:34  Pylon  
  139  11:36  Assimilator  
  148  11:40  Assimilator  
  148  11:43  Tempest  
  148  11:44  Probe (Chrono Boost)  
  154  11:49  Tempest  
  154  11:51  Probe  
  154  11:53  Photon Cannon  
  161  11:55  Photon Cannon  
  161  11:58  Photon Cannon  
  161  12:01  Photon Cannon  
  161  12:04  Photon Cannon  
  161  12:08  Photon Cannon  
  161  12:12  Photon Cannon  
  161  12:22  Photon Cannon  
  161  12:49  Probe  
  162  12:59  Carrier x4  
  162  13:02  Graviton Catapult  
  186  13:23  Carrier x2  
  186  13:25  Protoss Air Weapons Level 3 (Chrono Boost)  
  186  13:26  Protoss Shields Level 3  
  198  13:27  Protoss Air Armor Level 3 (Chrono Boost)  
  198  13:39  Observer  
  135  14:37  Tempest x5  
  135  14:38  Tempest  
  153  14:48  Tempest  
  153  14:49  Tempest  
  165  15:09  Probe  
  166  15:20  Carrier  
  172  15:21  Probe  
  172  15:24  Carrier x2  
  156  17:22  Tempest x5  
  186  17:37  Pylon  
  186  17:39  Pylon  
  186  17:42  Pylon  
  186  17:45  Pylon  
  186  17:47  Pylon  
  186  17:49  Forge  
  186  17:53  Gateway  
  186  17:55  Stargate  
  186  17:58  Stargate  
  186  18:01  Stargate  
  186  18:02  Stargate  
  186  18:05  Tempest x2  
  198  18:06  Observer  
  199  18:19  Shield Battery  
  199  18:20  Shield Battery  
  199  18:25  Photon Cannon  
  199  18:26  Photon Cannon  
  199  18:29  Photon Cannon  
  199  18:31  Photon Cannon  
  199  18:34  Photon Cannon  
  199  18:35  Photon Cannon  
  199  18:36  Photon Cannon  
  199  18:38  Photon Cannon  
  199  18:46  Photon Cannon  
  199  18:48  Photon Cannon  
  199  18:52  Photon Cannon  
  199  18:54  Photon Cannon  
  199  19:16  Pylon  
  199  19:17  Pylon  
  199  19:20  Pylon  
  199  19:42  Photon Cannon  
  199  19:43  Photon Cannon  
  199  19:45  Photon Cannon  
  199  19:48  Photon Cannon  
  199  19:50  Photon Cannon  
  199  19:51  Photon Cannon  
  199  19:53  Photon Cannon  
  199  19:56  Photon Cannon  
  199  19:59  Photon Cannon  
  199  20:00  Photon Cannon  
  199  20:03  Photon Cannon  
  199  20:05  Photon Cannon  
  199  20:07  Photon Cannon  
  199  20:09  Photon Cannon  
  199  20:11  Photon Cannon  
  199  20:14  Photon Cannon  
  199  20:16  Pylon  
  199  20:18  Pylon  
  199  20:21  Pylon  
  199  20:25  Pylon  
  199  20:28  Pylon  
  150  21:36  Probe  
  151  21:48  Probe  
  151  21:49  Pylon x2  
  151  21:50  Pylon  
  151  21:51  Pylon  
  151  21:52  Pylon  
  152  21:54  Pylon  
  152  21:55  Pylon x4  
  152  21:56  Pylon  
  152  21:57  Pylon  
  152  21:58  Pylon  
  152  21:59  Pylon x2  
  152  22:01  Pylon x2  
  152  22:06  Pylon  
  152  22:20  Mothership (Chrono Boost)  
  152  22:28  Carrier x3  
  152  22:29  Carrier x3  
  196  22:41  Photon Cannon  
Show
View Real Time Build Order
Export as new Build Order

prosecutor Terran 

Build Orders:  

Get SALT Encoding   

  12  0:13  SCV  
  13  0:25  SCV  
  14  0:43  SCV  
  14  0:48  Supply Depot  
  15  1:10  SCV  
  16  1:22  SCV  
  17  1:37  Refinery  
  17  1:41  SCV  
  17  1:45  Refinery  
  18  2:30  SCV  
  19  19:07  Refinery  
  19  19:12  Refinery  
Show
View Real Time Build Order
Export as new Build Order

Infamous Protoss 

Build Orders: 1 Gate Expand 

Get SALT Encoding   

  12  0:03  Probe  
  13  0:25  Pylon  
  13  0:26  Probe (Chrono Boost)  
  15  0:36  Probe (Chrono Boost)  
  15  0:46  Gateway  
  15  0:52  Probe  
  16  1:04  Probe  
  17  1:18  Assimilator, Nexus  
  17  1:20  Pylon  
  17  1:22  Pylon  
  17  1:24  Gateway  
  17  1:34  Probe (Chrono Boost)  
  17  1:38  Cybernetics Core  
  18  1:46  Assimilator  
  18  1:47  Probe (Chrono Boost)  
  19  2:23  Stalker (Chrono Boost)  
  19  2:28  Warp Gate  
  23  2:32  Stalker (Chrono Boost)  
  23  2:33  Probe (Chrono Boost)  
  24  2:43  Probe x2 (Chrono Boost)  
  26  2:48  Probe (Chrono Boost)  
  26  2:49  Probe (Chrono Boost)  
  27  2:58  Sentry (Chrono Boost)  
  29  3:00  Pylon  
  29  3:01  Probe  
  30  3:06  Sentry (Chrono Boost)  
  32  3:22  Robotics Facility  
  32  3:24  Sentry  
  34  3:27  Probe  
  34  3:31  Pylon  
  35  3:45  Probe (Chrono Boost)  
  35  3:46  Probe (Chrono Boost)  
  37  3:55  Probe (Chrono Boost)  
  38  4:00  Forge  
  38  4:05  Shield Battery  
  38  4:09  Observer (Chrono Boost)  
  39  4:11  Pylon  
  39  4:19  Gateway  
  39  4:24  Gateway  
  39  4:27  Probe x2  
  41  4:33  Shield Battery  
  41  4:38  Immortal (Chrono Boost)  
  41  4:45  Protoss Ground Weapons Level 1  
  45  4:50  Photon Cannon  
  45  4:52  Probe x2  
  47  4:53  Photon Cannon  
  47  5:04  Probe x2  
  47  5:06  Assimilator  
  49  5:15  Pylon  
  49  5:17  Stalker  
  49  5:18  Stalker  
  52  5:38  Gateway  
  52  5:41  Gateway  
  52  5:42  Gateway, Assimilator  
  52  5:48  Immortal  
  54  6:36  Stalker x3  
  54  6:37  Stalker  
  54  6:51  Protoss Air Weapons Level 1 (Chrono Boost)  
  46  6:58  Pylon  
  46  7:01  Pylon  
  46  7:09  Stargate  
  46  7:11  Stargate  
  46  7:13  Stargate  
  46  7:15  Probe (Chrono Boost)  
  46  7:16  Warp Prism (Chrono Boost)  
  46  7:20  Probe (Chrono Boost)  
  42  7:26  Probe (Chrono Boost)  
  42  7:29  Probe (Chrono Boost)  
  44  7:30  Protoss Shields Level 1 (Chrono Boost)  
  44  7:47  Stargate  
  44  7:48  Stargate  
  44  7:50  Stargate  
  44  7:51  Stargate  
  44  8:01  Void Ray (Chrono Boost)  
  56  8:07  Probe x2  
  56  8:08  Void Ray (Chrono Boost)  
  56  8:09  Void Ray (Chrono Boost)  
  58  8:37  Void Ray (Chrono Boost)  
  58  8:39  Void Ray x2  
  58  8:40  Void Ray  
  74  8:54  Stalker x3  
  80  8:56  Zealot x3  
  80  8:57  Zealot  
  76  9:17  Void Ray x2 (Chrono Boost)  
  72  9:23  Observer (Chrono Boost)  
  85  9:54  Probe x2  
  85  9:56  Void Ray x2 (Chrono Boost)  
  85  9:59  Nexus, Protoss Air Armor Level 1 (Chrono Boost)  
  87  10:01  Assimilator  
  87  10:05  Assimilator  
  87  10:25  Pylon  
  87  10:27  Pylon  
  87  10:29  Pylon  
  87  10:33  Pylon  
  87  10:48  Void Ray x4  
  103  11:06  Probe x2  
  105  11:20  Photon Cannon  
  105  11:22  Photon Cannon  
  105  11:24  Photon Cannon  
  105  11:26  Photon Cannon  
  105  11:27  Probe x2  
  105  11:28  Probe  
  105  11:30  Photon Cannon, Void Ray x2  
  105  11:31  Void Ray  
  120  11:33  Photon Cannon  
  120  11:39  Probe, Photon Cannon  
  121  11:42  Pylon  
  121  11:45  Shield Battery  
  121  11:46  Twilight Council  
  121  11:52  Fleet Beacon  
  121  12:00  Probe (Chrono Boost)  
  124  12:01  Probe x2 (Chrono Boost)  
  124  12:05  Photon Cannon  
  124  12:09  Photon Cannon  
  124  12:12  Probe (Chrono Boost)  
  127  12:17  Probe (Chrono Boost)  
  127  12:18  Probe (Chrono Boost)  
  127  12:19  Probe (Chrono Boost)  
  128  12:23  Void Ray x2 (Chrono Boost)  
  128  12:24  Probe  
  136  12:39  Mothership  
  144  12:51  Probe x2  
  144  12:53  Void Ray x2  
  154  13:03  Protoss Air Armor Level 2  
  130  13:07  Void Ray (Chrono Boost)  
  130  13:11  Void Ray (Chrono Boost)  
  138  13:16  Protoss Shields Level 2 (Chrono Boost)  
  146  13:43  Void Ray x2 (Chrono Boost)  
  82  14:17  Void Ray (Chrono Boost)  
  106  14:27  Void Ray x5 (Chrono Boost)  
  106  15:01  Void Ray x2  
  106  15:02  Void Ray  
  118  15:09  Photon Cannon  
  118  15:11  Photon Cannon  
  118  15:13  Photon Cannon  
  118  15:15  Photon Cannon  
  78  15:36  Carrier x2 (Chrono Boost)  
  78  15:38  Carrier (Chrono Boost)  
  96  15:46  Void Ray  
  106  15:58  Anion Pulse-Crystals (Chrono Boost)  
  106  16:03  Carrier (Chrono Boost)  
  106  16:26  Pylon  
  106  16:30  Pylon, Nexus  
  106  16:34  Pylon x3  
  106  16:38  Pylon  
  106  16:41  Pylon  
  90  17:17  Tempest x4  
  90  17:20  Probe  
  115  17:52  Photon Cannon  
  115  17:54  Photon Cannon  
  115  17:57  Photon Cannon  
  115  17:59  Photon Cannon  
  115  18:04  Photon Cannon  
  115  18:05  Graviton Catapult (Chrono Boost)  
  115  18:07  Photon Cannon  
  115  18:09  Photon Cannon  
  121  18:12  Photon Cannon  
  121  18:14  Carrier, Photon Cannon  
  121  18:16  Shield Battery  
  121  18:17  Shield Battery  
  121  18:20  Assimilator  
  121  18:24  Assimilator  
  121  18:29  Void Ray  
  121  18:31  Void Ray  
  79  19:13  Tempest x3  
  91  19:29  Probe x2  
  93  19:32  Probe x2  
  95  19:41  Tempest  
  47  21:48  Tempest  
  53  22:06  Nexus  
  53  22:17  Tempest  
  59  22:23  Probe  
  60  22:46  Tempest  
Tags
 
Add a new tag
Caveats
  • Supply blocks, unpowered buildings, or Contaminate may cause inaccurate times.
  • Supply counts are checked every 10 seconds.